 Dungeon Crawl Stone Soup version 0.14-a0-1585-g835621a (webtiles) character file.

205 PolkaDot the Ruinous (level 4, 0/30 HPs)
             Began as a Vampire Conjurer on Dec 22, 2013.
             Was an Initiate of Sif Muna.
             Slain by an orc
             ... wielding a +0,+0 club
              (6 damage)
             ... on Level 3 of the Dungeon.
             The game lasted 00:06:42 (1698 turns).

PolkaDot the Ruinous (Vampire Conjurer)             Turns: 1698, Time: 00:06:43

HP   0/30        AC  3     Str  7      XL: 4   Next: 37%
MP   0/8         EV 10     Int 18      God: Sif Muna [......]
Gold 112         SH  0     Dex 14      Spells:  2 memorised,  4 levels left

rFire  . . .     SeeInvis +     k - +1,+2 dagger (venom)
rCold  + . .     Clarity  .     b - +0 leather armour {rPois}
rNeg   . . .     Conserve .     (no shield)
rPois  +         rCorr    .     (no helmet)
rElec  .         rRot     .     (no cloak)
SustAb . .       Spirit   .     (no gloves)
rMut   .         Warding  .     (no boots)
Saprov . . .     Stasis   .     (no amulet)
                                r - ring of protection from magic {unknown}
                                j - ring of protection from cold {unknown}

@: regenerating quickly, somewhat resistant to hostile enchantments, fairly
stealthy
A: fangs 3, see invisible, unbreathing
a: Renounce Religion


You were on level 3 of the Dungeon.
You worshipped Sif Muna.
Sif Muna was noncommittal.
You were very full.

You visited 1 branch of the dungeon, and saw 3 of its levels.

You collected 112 gold pieces.

Inventory:

Hand weapons
 k - a +1,+2 dagger of venom (weapon)
Missiles
 d - 22 poisoned needles
Armour
 a - a +0 robe
 b - a +0 leather armour of poison resistance (worn)
Scrolls
 f - a scroll of teleportation {unknown}
 i - 4 scrolls of fog {unknown}
 l - a scroll of magic mapping {unknown}
 m - a scroll of remove curse {unknown}
 n - 3 scrolls of identify {unknown}
 s - a scroll of amnesia {unknown}
Jewellery
 j - a ring of protection from cold (left hand) {unknown}
 r - a ring of protection from magic (right hand) {unknown}
Potions
 e - 2 potions of speed {unknown}
 g - a potion of beneficial mutation {unknown}
 h - a potion of curing {unknown}
 o - a potion of heal wounds {unknown}
 p - a potion of invisibility {unknown}
 q - a potion of agility {unknown}
Books
 c - a book of Conjurations

   Spells                             Type                      Level
   *Magic Dart                        Conjuration                  1
   *Searing Ray                       Conjuration                  2
   Dazzling Spray                     Conjuration/Hexes            3
   Iskenderun's Mystic Blast          Conjuration                  4
   Iskenderun's Battlesphere          Conjuration/Charms           4
   Fulminant Prism                    Conjuration/Hexes            5


   Skills:
 - Level 2.1 Dodging
 - Level 3.0 Stealth
 - Level 2.4 Spellcasting
 + Level 4.2 Conjurations


You had 4 spell levels left.
You knew the following spells:

 Your Spells              Type           Power        Failure   Level  Hunger
a - Magic Dart            Conj           ###.         3%          1    #......
s - Searing Ray           Conj           ###...       6%          2    ##.....


Dungeon Overview and Level Annotations

Branches:
Dungeon (3/16)

Altars:
Nemelex Xobeh
Sif Muna


Innate Abilities, Weirdness & Mutations

Your natural rate of healing is unusually fast.
You have razor-sharp teeth.*
You have supernaturally acute eyesight.
You can survive without breathing.*


Message History

The orc is heavily wounded.
The orc completely misses you. The orc closely misses you.
You hit the orc.
You kill the orc!
You closely miss the orc. The orc hits you with a club.
* * * LOW HITPOINT WARNING * * *
Casting: Searing Ray
Confirm with . or Enter, or press ? or * to list all spells.
Aiming: Searing Ray
Press: ? - help, Shift-Dir - straight line, f - orc
Aim: an orc, wielding a club The searing ray hits the orc.
The orc is severely wounded.
* * * LOW MAGIC WARNING * * *
The orc hits you with a club.
* * * LOW HITPOINT WARNING * * *
You barely miss the orc.
The orc is severely wounded.
The orc hits you with a club.
You die...

####.####### #.....)....#
#..........####..........#
#.............#..........#
#..........##.'.<........+
#..........####..........#
#####.###### ############
#...### ###...#
#########@## .......%)o)#
...........# ..........#
...<....>.# ..........#
.......... ........##
.......#


You could see an orc.

Vanquished Creatures
  An orc priest (D:3)
  2 adders (D:2)
  An ooze (D:2)
  4 orcs
  6 bats
  2 giant cockroaches
  7 hobgoblins
  3 ball pythons
  2 giant geckos
  2 giant newts
  5 goblins
  4 kobolds
  3 rats
42 creatures vanquished.

Notes
Turn   | Place    | Note
--------------------------------------------------------------
     0 | D:1      | PolkaDot, the Vampire Conjurer, began the quest for the Orb.
     0 | D:1      | Reached XP level 1. HP: 13/13 MP: 3/3
   375 | D:1      | Reached XP level 2. HP: 19/19 MP: 5/5
   535 | D:1      | Learned a level 2 spell: Searing Ray
   893 | D:2      | Found a sparkling altar of Nemelex Xobeh.
  1013 | D:2      | Reached XP level 3. HP: 24/24 MP: 1/6
  1229 | D:2      | Found a sparkling altar of Nemelex Xobeh.
  1290 | D:2      | Found a deep blue altar of Sif Muna.
  1296 | D:2      | Became a worshipper of Sif Muna the Loreminder
  1685 | D:3      | Reached skill level 4 in Conjurations
  1685 | D:3      | Reached XP level 4. HP: 30/30 MP: 1/8
  1698 | D:3      | Slain by an orc

Action                   |  1- 3 |  4- 6 || total
-------------------------+-------+-------++-------
Melee: Unarmed           |    24 |       ||    24
       Dagger            |    87 |    11 ||    98
 Cast: Magic Dart        |    20 |       ||    20
       Searing Ray       |     4 |     1 ||     5
  Use: Potion            |     1 |       ||     1
 Stab: Sleeping          |     4 |       ||     4
